 Dungeon Crawl Stone Soup version 0.17.0-22-g5edae84 (console) character file.

392 jw the Chopper (level 6, -5/44 HPs)
             Began as an Octopode Berserker on Nov 12, 2015.
             Was a Priest of Trog.
             Slain by a sky beast (6 damage)
             ... on level 4 of the Dungeon.
             The game lasted 00:11:00 (4065 turns).

jw the Chopper (Octopode Berserker)                 Turns: 4065, Time: 00:11:00

Health: -5/44      AC:  1    Str: 17    XL:     6   Next: 80%
Magic:  6/6        EV: 13    Int:  9    God:    Trog [***...]
Gold:   230        SH:  0    Dex: 13    Spells: 0 memorised, 5 levels left

rFire  . . .     SeeInvis .     a - +0 hand axe
rCold  . . .     Clarity  .     (no shield)
rNeg   + . .     SustAt   .     (helmet restricted)
rPois  .         Gourm    .     d - amulet of warding
rElec  .         Spirit   .     (no ring)
rCorr  .         Warding  +     (no ring)
rMut   .         Stasis   .     (no ring)
MR     .....                    (no ring)
Stlth  ++........               (no ring)
                                (no ring)
                                (no ring)
                                (no ring)

@: not resistant to hostile enchantments, unstealthy
A: almost no armour, amphibious, 8 rings, constrict 8, camouflage 1, gelatinous
body 1
a: Berserk, Trog's Hand, Burn Spellbooks, Renounce Religion


You were on level 4 of the Dungeon.
You worshipped Trog.
Trog was most pleased with you.
You were not hungry.

You visited 1 branch of the dungeon, and saw 4 of its levels.

You collected 230 gold pieces.

Inventory:

Hand Weapons
 a - a +0 hand axe (weapon)
Missiles
 c - 67 stones (quivered)
Jewellery
 d - an amulet of warding (around mantle)
Comestibles
 b - 5 bread rations


   Skills:
 + Level 4.4 Fighting
 * Level 5.6 Axes
 + Level 3.1 Throwing
 - Level 3.0 Dodging


You had 5 spell levels left.
You didn't know any spells.

Dungeon Overview and Level Annotations

Branches:
Dungeon (4/15)
 Temple: D:4-7

Altars:
Sif Muna


Innate Abilities, Weirdness & Mutations

You cannot wear most types of armour.
You are amphibious.
You can wear up to eight rings at the same time.
You can use your tentacles to constrict eight enemies at once.
Your skin changes colour to match your surroundings (Stealth).
Your rubbery body absorbs attacks (AC +1).


Message History

Unknown command.
Unknown command.
Unknown command.
ATTACKING (1,0)
You miss something. Something hits you. Something shocks you.
Unknown command.
Unknown command.
Unknown command.
Unknown command.
ATTACKING (1,0)
You miss something. Something hits you but does no damage.
Unknown command.
Unknown command.
Unknown command.
Unknown command.
ATTACKING (1,0)
You closely miss something.
A sky beast appears from thin air!
Reactivating autopickup.
The sky beast hits you. The sky beast shocks you.
You die...

........##.#
.######.##.### ##
.###.........## #.
..............####### #.
.....####..........)# #.
###### ##....#####.# #.
# #.#### #.# ####. #####
#.# ####.## #.... ....#
#+# #x....# #.##. ###.#
#Y##..# #.##. ## #
#.##..## #.##. .##.#
#.##...# #.### ..#.##
#.##...#######.###
.....+
......'.......?.........
..#.##
.{....#.#........###...%
.##.#
.....##.......##.##.....
....# ...!#
###.#...##.##.##..


You could see a sky beast.

Table legend:
 A = Turns spent in this place as a percentage of turns spent in the entire game.
 B = Non-inter-level travel turns spent in this place as a percentage of non-inter-level travel turns spent in the entire game.
 C = Inter-level travel turns spent in this place as a percentage of turns spent in this place.
 D = Turns resting spent in this place as a percentage of non-inter-level travel turns spent in this place.
 E = Turns spent auto-exploring this place as a percentage of non-inter-level travel turns spent in this place.
 F = Non-inter-level travel turns spent in this place divided by the number of levels of this place that you've seen.
                   A       B       C       D       E      F
               +-------+-------+-------+-------+-------+----------------------
         Total | 100.0 | 100.0 |   0.8 |   1.0 |   3.0 | 1392.0
       Dungeon | 100.0 | 100.0 |   0.8 |   1.0 |   3.0 | 1392.0
               +-------+-------+-------+-------+-------+----------------------

Table legend:
 A = Kills in this place as a percentage of kills in entire the game.
 B = Kills by you in this place as a percentage of kills by you in the entire game.
 C = Kills by friends in this place as a percentage of kills by friends in the entire game.
 D = Other kills in this place as a percentage of other kills in the entire game.
 E = Experience gained in this place as a percentage of experience gained in the entire game.
 F = Experience gained in this place divided by the number of levels of this place that you have seen.
                   A       B       C       D       E      F
               +-------+-------+-------+-------+-------+----------------------
         Total | 100.0 | 100.0 |  -nan |  -nan | 100.0 | 140.0
       Dungeon | 100.0 | 100.0 |  -nan |  -nan | 100.0 | 140.0
               +-------+-------+-------+-------+-------+----------------------

Vanquished Creatures
  Sigmund (D:2)
  An orc priest (D:3)
  An orc wizard (D:3)
  A worker ant (D:4)
  7 adders
  2 worms (D:2)
  A giant gecko (D:2)
  6 orcs (D:3)
  2 ball pythons
  8 giant cockroaches
  6 hobgoblins
  4 jackals
  7 kobolds
  4 quokkas
  11 bats
  6 giant newts
  7 goblins
  11 rats
86 creatures vanquished.

Notes
Turn   | Place    | Note
--------------------------------------------------------------
     0 | D:1      | jw the Octopode Berserker began the quest for the Orb.
     0 | D:1      | Reached XP level 1. HP: 16/16 MP: 1/1
   170 | D:1      | Reached XP level 2. HP: 21/21 MP: 2/2
   936 | D:1      | Reached ** piety under Trog
  1067 | D:2      | Reached skill level 1 in Throwing
  1068 | D:2      | Reached XP level 3. HP: 26/26 MP: 3/3
  1517 | D:2      | Noticed Sigmund
  1531 | D:2      | Killed Sigmund
  1531 | D:2      | Reached skill level 4 in Fighting
  1531 | D:2      | Reached XP level 4. HP: 31/33 MP: 4/4
  1531 | D:2      | Reached XP level 5. HP: 34/37 MP: 5/5
  1935 | D:2      | Reached skill level 5 in Axes
  1979 | D:2      | Found a deep blue altar of Sif Muna.
  2556 | D:3      | Reached XP level 6. HP: 43/43 MP: 6/6
  2705 | D:3      | Found a faded altar to an unknown god.
  2748 | D:3      | Reached *** piety under Trog
  4065 | D:4      | HP: 1/44 [sky beast (3)]
  4065 | D:4      | Slain by a sky beast

Action                   |  1- 3 |  4- 6 || total
-------------------------+-------+-------++-------
Melee: Hand axe          |    65 |    74 ||   139
Throw: Stone             |    47 |    94 ||   141
Invok: Berserk           |     1 |     1 ||     2
       Trog's Hand       |     1 |       ||     1
  Eat: Chunk             |     2 |    10 ||    12

Vault maps used:
D:1:      scummos_arrival_forest
D:2:      forest_paths, led_sif_pool, uniq_sigmund
D:3:      portal_sewer_entry_d, first_bread, ecumenical_altar_2
D:4:      nicolae_tso_carved_into_rock
